 Dungeon Crawl Stone Soup version 0.31-a0-210-gccc998df9b (webtiles) character file.

Game seed: 15794553410811454097

102 lunkers the Chiller (level 5, -9/41 HPs)
             Began as a Meteoran Wanderer on June 29, 2023.
             Killed from afar by an orc wizard (10 damage)
             ... with a magic dart
             ... on level 4 of the Dungeon.
             The game lasted 00:01:46 (617 turns).

lunkers the Chiller (Meteoran Wanderer)              Turns: 617, Time: 00:01:47

Health: -9/41      AC:  3    Str: 10    XL:     5   Next: 28%
Magic:  0/10       EV: 11    Int: 21    God:
Gold:   79         SH:  0    Dex: 11    Spells: 9/10 levels left

rFire   . . .        a - +0 dagger
rCold   . . .        (no shield)
rNeg    . . .        c - +0 robe
rPois   .            (no helmet)
rElec   .            (no cloak)
rCorr   .            (no gloves)
SInv    .            d - +0 pair of boots
Will    .....        (no amulet)
Stlth   +            (no ring)
HPRegen 0.26/turn    (no ring)
MPRegen 0.12/turn

%: no passive effects
@: glowing
A: sense surroundings 1, otherworldly, glowing, explore regen
a: no special abilities


You were on level 4 of the Dungeon.
You visited 1 branch of the dungeon, and saw 4 of its levels.

You collected 79 gold pieces.

Inventory:

Hand Weapons
 a - a +0 dagger (weapon)
Armour
 c - a +0 robe (worn)
 d - a +0 pair of boots (worn)
Scrolls
 e - a scroll of immolation {unknown}
 f - a scroll of fear {unknown}
 j - a scroll of identify {unknown}
Potions
 b - a potion of berserk rage
 g - a potion of haste {unknown}
 h - a potion of attraction {unknown}
 i - a potion of curing {unknown}


   Skills:
 - Level 2.1 Fighting
 - Level 1.2 Dodging
 - Level 1.0 Stealth
 + Level 3.2 Spellcasting
 - Level 3.6 Conjurations
 * Level 4.4 Ice Magic


You had 9 spell levels left.
You knew the following spells:

 Your Spells              Type           Power      Damage    Failure   Level
a - Freeze                Ice            88%        1d9       1%          1

Your spell library contained the following spells:

 Spells                   Type           Power      Damage    Failure   Level
 Shock                    Conj/Air       44%        1d5       6%          1
 Ozocubu's Armour         Ice            22%        N/A       6%          3
 Hailstorm                Conj/Ice       20%        3d6       8%          3
 Static Discharge         Conj/Air       22%        2-3/arc   10%         2
 Vhi's Electric Charge    Tloc/Air       6%         N/A       36%         3
 Arcjolt                  Conj/Air       5%         1d15      86%         5
 Maxwell's Capacitive Co  Air            1%         ∞         100%        8


Dungeon Overview and Level Annotations

Branches:
Dungeon (4/15) Zot: 1782
 Temple: D:4-7

Altars:
Gozag
Okawaru

Shops:
D:1 =


Innate Abilities, Weirdness & Mutations

You passively map a small area around you.
You are easily found by Zot.
You glow in the dark.
You regain HP and MP as you explore.


Message History

Unknown command.
Aiming: Freeze (safe; 1% risk of failure)
Press: ? - help, Q - select action Shift-Dir - straight line, f - kobold
Aim: a kobold, wielding a +0 short sword You freeze the kobold.
You kill the kobold!
* * * LOW MAGIC WARNING * * *
A magic dart appears from out of thin air!
The magic dart hits you.
* * * LOW HITPOINT WARNING * * *
Your magical contamination has completely faded away.
Aiming: Freeze (safe; 1% risk of failure)
Press: ? - help, Q - select action Shift-Dir - straight line, f - you That would be overly suicidal.
Okay, then.
Unknown command.
Aiming: Freeze (safe; 1% risk of failure)
Press: ? - help, Q - select action Shift-Dir - straight line You freeze something!
* * * LOW MAGIC WARNING * * *
Something hits you.
* * * LOW HITPOINT WARNING * * *
You hit something but do no damage. Something hits you but does no damage.
Unknown command.
Unknown command.
You miss something.
An orc wizard appears from thin air!
Reactivating autopickup.
The orc wizard gestures at you while chanting.
You resist with some effort.
Unknown command.
You closely miss the orc wizard.
The orc wizard is heavily wounded.
The orc wizard hits you with a +0 dagger.
* * * LOW HITPOINT WARNING * * *
Unknown command.
You hit the orc wizard.
The orc wizard is severely wounded.
The orc wizard casts a spell at you. The magic dart hits you!
You die...

, ..#
#..............######
*.##o#.###.#.###.......##
, ..o...)....## ##.#.##.#
*.#..###)#.## ##..##.# *
,...(##.#.# #...... ,
,#.......)## #..##.##**
.....#####o## * .#.##.# *
*.#.. * ##o###.##.##.# *
... ##@..# #.# * ## *
#####* * # , * # * * * ,
* ## #. * * #. , , * *,,
* *


You could see an orc wizard and an orc.

Vanquished Creatures
  An iguana (D:4)
  An orc wizard (D:4)
  2 adders (D:4)
  2 dart slugs (D:1)
  2 orcs (D:4)
  3 ball pythons (D:1)
  2 bats (D:1)
  An endoplasm (D:1)
  2 giant cockroaches
  3 goblins (D:1)
  A hobgoblin (D:1)
  2 jackals (D:1)
  A quokka (D:1)
  3 frilled lizards (D:1)
  3 kobolds
  2 rats (D:1)
31 creatures vanquished.

Notes
Turn   | Place    | Note
-------+----------+-------------------------------------------
     0 | D:1      | lunkers the Meteoran Wanderer began the quest for the Orb.
     0 | D:1      | lunkers set off with the following items: a +0 dagger, a
                  | potion of berserk rage, a +0 robe, a +0 pair of boots; and
                  | the following spells available to memorise: Freeze, Shock,
                  | Static Discharge, Hailstorm, Ozocubu's Armour.
     0 | D:1      | Reached XP level 1. HP: 17/17 MP: 3/3
   112 | D:1      | Reached XP level 2. HP: 10/24 MP: 5/5
   114 | D:1      | Learned a level 1 spell: Freeze
   139 | D:1      | Found Leamuoc's Jewellery Shoppe.
   254 | D:1      | Reached skill level 3 in Ice Magic
   264 | D:1      | Reached XP level 3. HP: 20/29 MP: 0/7
   467 | D:2      | You fall into a shaft and drop 2 floors!
   482 | D:4      | Found an opulent altar of Gozag.
   494 | D:4      | Reached XP level 4. HP: 25/36 MP: 2/9
   525 | D:3      | Found an iron altar of Okawaru.
   577 | D:4      | Reached skill level 4 in Ice Magic
   600 | D:4      | Reached XP level 5. HP: 34/41 MP: 5/10
   610 | D:4      | HP: 1/41 [something/magic dart (6)]
   616 | D:4      | HP: 1/41 [orc wizard/+0 dagger (1)]
   617 | D:4      | Killed from afar by an orc wizard

Illustrated notes

Levels and vault maps discovered:
D:1:      minmay_arrival_stair_chambers, layout_loops_ring, serial_shops, shop
D:2:      layout_basic, hellmonk_ecumenical_altar_arch_garden, uniq_robin
D:3:      layout_basic, chequers_temple_overflow_statue_of_worship,
          nicolae_overflow_hidden_temple
D:4:      minmay_diamond_boxcup, layout_loops_ring,
          mainiacjoe_overflow_small_starburst, glass_columns_b, st_stairs_11

Skill      XL: |  1  2  3  4 |
---------------+-------------+-----
Spellcasting   | 2 3 |  3.2
Ice Magic      | 3 4 |  4.4
Fighting       | |  2.1
Dodging        | |  1.2
Stealth        | |  1.0
Conjurations   | |  3.6

Action                     |  1- 3 |  4- 6 || total
---------------------------+-------+-------++-------
  Melee: Dagger            |    31 |     4 ||    35
         Punch             |     1 |       ||     1
   Cast: Freeze            |    32 |    14 ||    46
 Armour: Robe              |    17 |     3 ||    20
  Dodge: Dodged            |    19 |     4 ||    23

Table legend: (Time is in decaauts)
 A = Elapsed time spent in this place.
 B = Non-inter-level travel time spent in this place.
 C = Inter-level travel time spent in this place.
 D = Time resting spent in this place.
 E = Time spent auto-exploring this place.
 F = Levels seen in this place.
 G = Mean time per level.
                   A        B        C        D        E       F      G
               +--------+--------+--------+--------+--------+-----+--------+
         Total |    616 |    595 |     21 |      0 |    392 |   4 |  154.0 |
       Dungeon |    616 |    595 |     21 |      0 |    392 |   4 |  154.0 |
               +--------+--------+--------+--------+--------+-----+--------+

Top non-repeatable levels by time:
     D:1: 434 daAuts
     D:4: 142 daAuts
     D:2: 32 daAuts
     D:3: 7 daAuts
